NPBL
ILLINOIS JETHAWKS @ TENNESSEE HOUNDS
06/01/2098
 
TOP OF THE 1ST
Illinois Jethawks batting - Pitching for Tennessee Hounds : RHP Justin Miller
Pitching: RHP Justin Miller
Batting: LHB Tim Clark 0-0: Called Strike
0-1: Ball
1-1: Ball
2-1: Foul Ball, location: 9LDF
2-2: Foul Ball, location: 5F
2-2: SINGLE (Groundball, 34D, EV 103.8 MPH)
Batting: RHB Jan Dooks 0-0: Foul Ball, location: 2F
0-1: Fly out, F9 (Flyball, 89S, EV 82.5 MPH)
Batting: RHB Ercole Mancina 0-0: Called Strike
0-1: Ball
1-1: Ball
Tim Clark steals 2nd base
2-1: Ground out 4-3 (Groundball, 4, EV 84.4 MPH)
Tim Clark to third
Batting: LHB Kade Murphy 0-0: Ground out 5-3 (Groundball, 5, EV 82.5 MPH)
Top of the 1st over - 0 runs, 1 hit, 0 errors, 1 left on base; Illinois 0 - Tennessee 0
BOTTOM OF THE 1ST
Tennessee Hounds batting - Pitching for Illinois Jethawks : RHP Fernando Gómez
Pitching: RHP Fernando Gómez
Batting: RHB Jason Stanley 0-0: DOUBLE (Groundball, 5L, EV 105.6 MPH)
Batting: RHB Manuel Avilés 0-0: Called Strike
0-1: Ball
1-1: Ground out 5-3 (Groundball, 5L, EV 83.8 MPH)
Batting: LHB Carlos Ibarra 0-0: Ground out 4-3 (Groundball, 4, EV 89.4 MPH)
Jason Stanley to third
Batting: LHB Cooper Bryan 0-0: Called Strike
0-1: Ball
1-1: Swinging Strike
1-2: Strikes out swinging
Bottom of the 1st over - 0 runs, 1 hit, 0 errors, 1 left on base; Illinois 0 - Tennessee 0
TOP OF THE 2ND
Illinois Jethawks batting - Pitching for Tennessee Hounds : RHP Justin Miller
Batting: RHB Rob Drake 0-0: Fly out, F8 (Flyball, 8LM, EV 93.1 MPH)
Batting: RHB Juan Méndez 0-0: Foul Ball, location: 9LMF
0-1: Ground out 2-3 (Groundball, 15S, EV 73.1 MPH)
Batting: RHB Ánibal Cruz 0-0: Ball
1-0: Ball
2-0: Called Strike
2-1: Ground out 4-3 (Groundball, 34, EV 82.5 MPH)
Top of the 2nd over - 0 runs, 0 hits, 0 errors, 0 left on base; Illinois 0 - Tennessee 0
BOTTOM OF THE 2ND
Tennessee Hounds batting - Pitching for Illinois Jethawks : RHP Fernando Gómez
Batting: RHB John Turner 0-0: Ball
1-0: Ball
2-0: Ball
3-0: Swinging Strike
3-1: Fly out, F5 (Line Drive, 5L, EV 70.0 MPH)
Batting: RHB Salvador Coronado 0-0: Foul Ball, location: 9LMF
0-1: Ball
1-1: Ball
2-1: Fly out, F8 (Line Drive, 89M, EV 97.5 MPH)
Batting: RHB Clarence Greene 0-0: Ball
1-0: DOUBLE (Line Drive, 7LS, EV 107.5 MPH)
Batting: RHB Cole Mitchell 0-0: Ball
1-0: Foul Ball, location: 2F
1-1: Foul Ball, location: 2F
1-2: Strikes out looking
Bottom of the 2nd over - 0 runs, 1 hit, 0 errors, 1 left on base; Illinois 0 - Tennessee 0
TOP OF THE 3RD
Illinois Jethawks batting - Pitching for Tennessee Hounds : RHP Justin Miller
Batting: LHB Giustiniano Belmon 0-0: Swinging Strike
0-1: Foul Ball, location: 7LDF
0-2: Foul Ball, location: 2F
0-2: Ball
1-2: Ground out 4-3 (Groundball, 34, EV 80.6 MPH)
Batting: RHB Fernando Gómez 0-0: Ball
1-0: Foul Ball, location: 2F
1-1: Ground out 4-3 (Groundball, 4S, EV 92.5 MPH)
Batting: LHB Tim Clark 0-0: Ball
1-0: Foul Ball, location: 9LSF
1-1: Called Strike
1-2: Foul Ball, location: 7LMF
1-2: Foul Ball, location: 25F
1-2: SOLO HOME RUN (Flyball, 9LD, EV 96.9 MPH), Distance : 355 ft
Batting: RHB Jan Dooks 0-0: Fly out, F7 (Flyball, 7, EV 92.5 MPH)
Top of the 3rd over - 1 run, 1 hit, 0 errors, 0 left on base; Illinois 1 - Tennessee 0
BOTTOM OF THE 3RD
Tennessee Hounds batting - Pitching for Illinois Jethawks : RHP Fernando Gómez
Batting: RHB Justin Miller 0-0: Ball
1-0: Foul Ball, location: 2F
1-1: Foul Ball, location: 5SF
1-2: Ball
2-2: Ball
3-2: Fly out, F6 (Line Drive, 4M, EV 57.5 MPH)
Batting: RHB Jason Stanley 0-0: Called Strike
0-1: Swinging Strike
0-2: Fly out, F3 (Popup, 34S, EV 83.8 MPH)
Batting: RHB Manuel Avilés 0-0: Ball
1-0: Called Strike
1-1: Fly out, F7 (Flyball, 78M, EV 93.8 MPH)
Bottom of the 3rd over - 0 runs, 0 hits, 0 errors, 0 left on base; Illinois 1 - Tennessee 0
TOP OF THE 4TH
Illinois Jethawks batting - Pitching for Tennessee Hounds : RHP Justin Miller
Batting: RHB Ercole Mancina 0-0: Foul Ball, location: 2F
0-1: Fly out, F9 (Flyball, 9, EV 85.0 MPH)
Batting: LHB Kade Murphy 0-0: Swinging Strike
0-1: Called Strike
0-2: Ball
1-2: Ground out 4-3 (Groundball, 4, EV 98.8 MPH)
Batting: RHB Rob Drake 0-0: Called Strike
0-1: Ground out 1-3 (Groundball, 13S, EV 68.1 MPH)
Top of the 4th over - 0 runs, 0 hits, 0 errors, 0 left on base; Illinois 1 - Tennessee 0
BOTTOM OF THE 4TH
Tennessee Hounds batting - Pitching for Illinois Jethawks : RHP Fernando Gómez
Batting: LHB Carlos Ibarra 0-0: Ball
1-0: Foul Ball, location: 23F
1-1: Ball
2-1: Foul Ball, location: 7LSF
2-2: Foul Ball, location: 3FF
2-2: Ball
3-2: Foul Ball, location: 2F
3-2: Foul Ball, location: 23FF
3-2: Base on Balls
Batting: LHB Cooper Bryan Balk!
Carlos Ibarra to second
0-0: Ball
1-0: Called Strike
1-1: Ball
2-1: Ball
3-1: Base on Balls
Batting: RHB John Turner 0-0: Ball
1-0: Ball
2-0: Called Strike
2-1: Swinging Strike
2-2: Strikes out swinging
Batting: RHB Salvador Coronado 0-0: Ball
Wild Pitch!
Carlos Ibarra to third
Cooper Bryan to second
1-0: SINGLE (Line Drive, 78S, EV 93.1 MPH)
Carlos Ibarra scores
Cooper Bryan to third
Batting: RHB Clarence Greene 0-0: Ball
1-0: Fly out, F9 (Flyball, 9S, EV 95.0 MPH)
Batting: RHB Cole Mitchell 0-0: Called Strike
0-1: Ball
1-1: Foul Ball, location: 3F
1-2: Foul Ball, location: 9LDF
1-2: Strikes out looking
Bottom of the 4th over - 1 run, 1 hit, 0 errors, 2 left on base; Illinois 1 - Tennessee 1
TOP OF THE 5TH
Illinois Jethawks batting - Pitching for Tennessee Hounds : RHP Justin Miller
Batting: RHB Juan Méndez 0-0: Called Strike
0-1: Foul Ball, location: 3DF
0-2: Fly out, F9 (Flyball, 9, EV 88.1 MPH)
Batting: RHB Ánibal Cruz 0-0: Ball
1-0: Ball
2-0: Ball
3-0: Called Strike
3-1: Base on Balls
Batting: LHB Giustiniano Belmon 0-0: Called Strike
0-1: Ball
1-1: Ball
2-1: SINGLE (Line Drive, 5D, EV 96.3 MPH)
Ánibal Cruz to second
Batting: RHB Fernando Gómez 0-0: Ball
1-0: Called Strike
1-1: Foul Ball, location: 25F
1-2: Fly out, F8 (Flyball, 8LD, EV 92.5 MPH)
Batting: LHB Tim Clark 0-0: Swinging Strike
0-1: Ball
1-1: Foul Ball, location: 2F
1-2: Foul Ball, location: 2F
1-2: Foul Ball, location: 3F
1-2: Ball
2-2: Ball
3-2: Fly out, F8 (Flyball, 8LD, EV 103.1 MPH)
Top of the 5th over - 0 runs, 1 hit, 0 errors, 2 left on base; Illinois 1 - Tennessee 1
BOTTOM OF THE 5TH
Tennessee Hounds batting - Pitching for Illinois Jethawks : RHP Fernando Gómez
Batting: RHB Justin Miller 0-0: Fly out, F6 (Line Drive, 6, EV 65.0 MPH)
Batting: RHB Jason Stanley 0-0: Called Strike
0-1: Ball
1-1: Ball
2-1: Ball
3-1: Base on Balls
Batting: RHB Manuel Avilés 0-0: Called Strike
0-1: Ball
1-1: Called Strike
1-2: Ball
2-2: Ball
3-2: Foul Ball, location: 5DF
3-2: Fly out, F7 (Flyball, 78D, EV 98.1 MPH)
Batting: LHB Carlos Ibarra 0-0: Called Strike
0-1: Ball
1-1: Ball
Jason Stanley is caught stealing 2nd base 2-6
Bottom of the 5th over - 0 runs, 0 hits, 0 errors, 0 left on base; Illinois 1 - Tennessee 1
TOP OF THE 6TH
Illinois Jethawks batting - Pitching for Tennessee Hounds : RHP Justin Miller
Batting: RHB Jan Dooks 0-0: Called Strike
0-1: Called Strike
0-2: Ball
1-2: Strikes out swinging
Batting: RHB Ercole Mancina 0-0: Foul Ball, location: 9LMF
0-1: Called Strike
0-2: Ball
1-2: Ball
2-2: Ground out 5-3 (Groundball, 5S, EV 89.4 MPH)
Batting: LHB Kade Murphy 0-0: Ground out 4-3 (Groundball, 4S, EV 85.0 MPH)
Top of the 6th over - 0 runs, 0 hits, 0 errors, 0 left on base; Illinois 1 - Tennessee 1
BOTTOM OF THE 6TH
Tennessee Hounds batting - Pitching for Illinois Jethawks : RHP Fernando Gómez
Batting: LHB Carlos Ibarra 0-0: Ball
1-0: Ball
2-0: Called Strike
2-1: Called Strike
2-2: Ball
3-2: Base on Balls
Batting: LHB Cooper Bryan 0-0: Called Strike
0-1: Ball
1-1: Swinging Strike
1-2: Foul Ball, location: 2RF
1-2: Ball
2-2: Ball
3-2: Ground out 6-3 (Groundball, 6, EV 106.3 MPH)
Carlos Ibarra to second
Batting: RHB John Turner 0-0: Ball
1-0: Ball
2-0: Called Strike
2-1: Foul Ball, location: 2RF
2-2: Ball
3-2: Foul Ball, location: 5DF
3-2: Strikes out swinging
Batting: RHB Salvador Coronado 0-0: Called Strike
0-1: Ball
1-1: Swinging Strike
1-2: Strikes out looking
Bottom of the 6th over - 0 runs, 0 hits, 0 errors, 1 left on base; Illinois 1 - Tennessee 1
TOP OF THE 7TH
Illinois Jethawks batting - Pitching for Tennessee Hounds : RHP Justin Miller
Batting: RHB Rob Drake 0-0: Foul Ball, location: 9LSF
0-1: Swinging Strike
0-2: Ball
1-2: Ground out 6-3 (Groundball, 6, EV 80.0 MPH)
Batting: RHB Juan Méndez 0-0: Ground out 5-3 (Groundball, 56, EV 85.6 MPH)
Batting: RHB Ánibal Cruz 0-0: Ball
1-0: Called Strike
1-1: Ball
2-1: Ball
3-1: Base on Balls
Batting: LHB Giustiniano Belmon 0-0: Swinging Strike
0-1: Swinging Strike
0-2: Ball
1-2: Ball
2-2: Strikes out swinging
Top of the 7th over - 0 runs, 0 hits, 0 errors, 1 left on base; Illinois 1 - Tennessee 1
BOTTOM OF THE 7TH
Tennessee Hounds batting - Pitching for Illinois Jethawks : RHP Fernando Gómez
Batting: RHB Clarence Greene 0-0: Ball
1-0: SINGLE (Flyball, 56D, EV 89.4 MPH)
Pitching: LHP Wiley Thomason
Batting: RHB Cole Mitchell 0-0: Ball
1-0: Ball
2-0: Ball
3-0: Base on Balls
Clarence Greene to second
Batting: RHB Justin Miller 0-0: Bunt missed!
0-1: Called Strike
0-2: Ball
1-2: Bunted foul, Strikeout!
Batting: RHB Jason Stanley 0-0: Foul Ball, location: 7LMF
0-1: Fielders Choice at 2nd, 6-4 (Groundball, 6, EV 93.1 MPH)
Clarence Greene to third
Pinch Hitting: RHB Dale Weeks 0-0: Ball
1-0: Ball
2-0: Ball
3-0: Base on Balls
Jason Stanley to second
Pinch Hitting: RHB Kenny Samuels 0-0: Ball
1-0: Foul Ball, location: 7LDF
1-1: Swinging Strike
1-2: Ball
2-2: Foul Ball, location: 9LSF
2-2: Ball
3-2: Fly out, F9 (Line Drive, 89M, EV 90.0 MPH)
Bottom of the 7th over - 0 runs, 1 hit, 0 errors, 3 left on base; Illinois 1 - Tennessee 1
TOP OF THE 8TH
Illinois Jethawks batting - Pitching for Tennessee Hounds : RHP Justin Miller
Now at 3B: Matt Elliott
Now in RF: Kenny Samuels
Pinch Hitting: LHB Ramiro Canseco 0-0: Ball
1-0: Ball
2-0: Foul Ball, location: 7LDF
2-1: SOLO HOME RUN (Flyball, 7D, EV 99.4 MPH), Distance : 370 ft
Batting: LHB Tim Clark 0-0: Foul Ball, location: 2F
0-1: Swinging Strike
0-2: Foul Ball, location: 7LSF
0-2: Strikes out looking
Batting: RHB Jan Dooks 0-0: Ball
1-0: Foul Ball, location: 2F
1-1: Ground out 5-3 (Groundball, 56S, EV 87.5 MPH)
Batting: RHB Ercole Mancina 0-0: Ball
1-0: Called Strike
1-1: Ball
2-1: Called Strike
2-2: Ground out 5-3 (Groundball, 5S, EV 86.9 MPH)
Top of the 8th over - 1 run, 1 hit, 0 errors, 0 left on base; Illinois 2 - Tennessee 1
BOTTOM OF THE 8TH
Tennessee Hounds batting - Pitching for Illinois Jethawks : LHP Wiley Thomason
Pitching: RHP Martín Estrada
Batting: LHB Cooper Bryan 0-0: Called Strike
0-1: Ball
1-1: Foul Ball, location: 2F
1-2: Ball
2-2: Ball
3-2: SOLO HOME RUN (Flyball, 7LD, EV 93.1 MPH), Distance : 352 ft
Batting: RHB John Turner 0-0: Ball
1-0: Swinging Strike
1-1: Ball
2-1: Swinging Strike
2-2: Ball
3-2: SINGLE (Line Drive, 7S, EV 89.4 MPH)
Batting: RHB Salvador Coronado 0-0: Ball
1-0: Called Strike
1-1: Fly out, F8 (Flyball, 89D, EV 110.0 MPH)
Batting: RHB Clarence Greene 0-0: Grounds into double play, 5-4-3 (Groundball, 56, EV 99.4 MPH)
Bottom of the 8th over - 1 run, 2 hits, 0 errors, 0 left on base; Illinois 2 - Tennessee 2
TOP OF THE 9TH
Illinois Jethawks batting - Pitching for Tennessee Hounds : RHP Justin Miller
Batting: LHB Kade Murphy 0-0: Ball
1-0: Called Strike
1-1: Called Strike
1-2: Ball
2-2: Fly out, F7 (Line Drive, 78M, EV 108.8 MPH)
Pinch Hitting: LHB Jeff McCrocken 0-0: Called Strike
0-1: Swinging Strike
0-2: Foul Ball, location: 2F
0-2: Ball
1-2: Strikes out swinging
Batting: RHB Juan Méndez 0-0: Foul Ball, location: 3SF
0-1: Ball
1-1: Ball
2-1: Ball
3-1: Base on Balls
Batting: RHB Ánibal Cruz 0-0: Ball
1-0: Ball
2-0: Called Strike
2-1: Fielders Choice at 2nd, 5-4 (Groundball, 56, EV 90.6 MPH)
Top of the 9th over - 0 runs, 0 hits, 0 errors, 1 left on base; Illinois 2 - Tennessee 2
BOTTOM OF THE 9TH
Tennessee Hounds batting - Pitching for Illinois Jethawks : RHP Martín Estrada
Now at 2B: Juan Méndez
Now at 3B: Joel Robinson
Pinch Hitting: LHB Ricardo Costello 0-0: Foul Ball, location: 2F
0-1: Fly out, F7 (Flyball, 7S, EV 90.6 MPH)
Pinch Hitting: LHB Martin Doidge 0-0: Ball
1-0: Foul Ball, location: 3DF
1-1: Ball
2-1: Hit by Pitch
Batting: RHB Jason Stanley 0-0: Ball
1-0: Called Strike
1-1: Ball
2-1: Foul Ball, location: 2F
2-2: Ball
3-2: Strikes out swinging
Pitching: LHP Anthony Taylor
Batting: RHB Matt Elliott 0-0: Ground out 4-3 (Groundball, 34S, EV 88.1 MPH)
Bottom of the 9th over - 0 runs, 0 hits, 0 errors, 1 left on base; Illinois 2 - Tennessee 2
TOP OF THE 10TH
Illinois Jethawks batting - Pitching for Tennessee Hounds : RHP Justin Miller
Pitching: RHP George Fox
Now at C: Martin Doidge
Batting: LHB Giustiniano Belmon 0-0: Ball
1-0: Called Strike
1-1: Ball
2-1: Ball
3-1: Base on Balls
Pinch Hitting: RHB Henry Henson 0-0: Called Strike
0-1: Swinging Strike
0-2: Strikes out swinging
Batting: LHB Tim Clark 0-0: Ball
Giustiniano Belmon steals 2nd base
1-0: Ball
2-0: Ball
3-0: Base on Balls
Batting: RHB Jan Dooks 0-0: Ball
1-0: Ball
2-0: Grounds into double play, 1-4-3 (Groundball, 15, EV 71.9 MPH)
Top of the 10th over - 0 runs, 0 hits, 0 errors, 1 left on base; Illinois 2 - Tennessee 2
BOTTOM OF THE 10TH
Tennessee Hounds batting - Pitching for Illinois Jethawks : LHP Anthony Taylor
Pitching: RHP Rick Cornett
Batting: RHB Kenny Samuels 0-0: Ball
1-0: Ball
2-0: Ball
3-0: Base on Balls
Batting: LHB Cooper Bryan 0-0: Swinging Strike
0-1: Swinging Strike
0-2: Ball
1-2: Strikes out looking
Batting: RHB John Turner 0-0: Fly out, F8 (Flyball, 78S, EV 94.4 MPH)
Batting: RHB Salvador Coronado 0-0: SINGLE (Line Drive, 7S, EV 106.9 MPH)
Kenny Samuels to second
Batting: RHB Clarence Greene 0-0: Ball
1-0: Ball
2-0: Ball
3-0: Called Strike
3-1: Hit by Pitch
Kenny Samuels to third
Salvador Coronado to second
Pinch Hitting: SHB Marcos Ortíz 0-0: Ball
1-0: Ball
2-0: Ground out 4-3 (Groundball, 4, EV 84.4 MPH)
Bottom of the 10th over - 0 runs, 1 hit, 0 errors, 3 left on base; Illinois 2 - Tennessee 2
TOP OF THE 11TH
Illinois Jethawks batting - Pitching for Tennessee Hounds : RHP George Fox
Pitching: LHP Lou Doss
Batting: RHB Ercole Mancina 0-0: Called Strike
0-1: Called Strike
0-2: Ball
1-2: Ball
2-2: Strikes out swinging
Batting: LHB Kade Murphy 0-0: Ball
1-0: Called Strike
1-1: Foul Ball, location: 9LSF
1-2: Strikes out swinging
Batting: RHB Joel Robinson 0-0: Foul Ball, location: 23F
0-1: Ball
1-1: Swinging Strike
1-2: Strikes out looking
Top of the 11th over - 0 runs, 0 hits, 0 errors, 0 left on base; Illinois 2 - Tennessee 2
BOTTOM OF THE 11TH
Tennessee Hounds batting - Pitching for Illinois Jethawks : RHP Rick Cornett
Batting: LHB Martin Doidge 0-0: Foul Ball, location: 5F
0-1: Ball
1-1: Ball
2-1: Called Strike
2-2: Strikes out swinging, 2-3 out at first.
Batting: RHB Jason Stanley 0-0: Called Strike
0-1: Called Strike
0-2: Strikes out looking
Batting: RHB Matt Elliott 0-0: Called Strike
0-1: Ball
1-1: Ball
2-1: Swinging Strike
2-2: Ground out 5-3 (Groundball, 56S, EV 90.6 MPH)
Bottom of the 11th over - 0 runs, 0 hits, 0 errors, 0 left on base; Illinois 2 - Tennessee 2
TOP OF THE 12TH
Illinois Jethawks batting - Pitching for Tennessee Hounds : LHP Lou Doss
Batting: RHB Juan Méndez 0-0: Swinging Strike
0-1: Foul Ball, location: 2F
0-2: Ball
1-2: Strikes out swinging
Batting: RHB Ánibal Cruz 0-0: Called Strike
0-1: Called Strike
0-2: Strikes out swinging
Batting: LHB Giustiniano Belmon 0-0: Foul Ball, location: 2F
0-1: Ball
1-1: Foul Ball, location: 2F
1-2: Foul Ball, location: 3FF
1-2: Foul Ball, location: 5FF
1-2: Foul Ball, location: 2F
1-2: Strikes out looking
Top of the 12th over - 0 runs, 0 hits, 0 errors, 0 left on base; Illinois 2 - Tennessee 2
BOTTOM OF THE 12TH
Tennessee Hounds batting - Pitching for Illinois Jethawks : RHP Rick Cornett
Pitching: RHP Manny Cruz
Now at C: Chris Washington
Batting: RHB Kenny Samuels 0-0: Ground out 6-3 (Groundball, 6S, EV 85.6 MPH)
Batting: LHB Cooper Bryan 0-0: Called Strike
0-1: Fly out, F7 (Flyball, 7LS, EV 81.3 MPH)
Batting: RHB John Turner 0-0: Ball
1-0: Ball
2-0: Foul Ball, location: 23FF
2-1: Called Strike
2-2: Ground out 5-3 (Groundball, 5, EV 86.3 MPH)
Bottom of the 12th over - 0 runs, 0 hits, 0 errors, 0 left on base; Illinois 2 - Tennessee 2
TOP OF THE 13TH
Illinois Jethawks batting - Pitching for Tennessee Hounds : LHP Lou Doss
Batting: LHB Chris Washington 0-0: Foul Ball, location: 3SF
0-1: Ball
1-1: Ball
2-1: Ball
3-1: Foul Ball, location: 2F
3-2: Foul Ball, location: 2F
3-2: Base on Balls
Pitching: LHP Kiichi Kichida
Batting: LHB Tim Clark 0-0: Called Strike
0-1: Called Strike
0-2: DOUBLE (Line Drive, 3D, EV 93.8 MPH)
Chris Washington to third
Batting: RHB Jan Dooks 0-0: Foul Ball, location: 9LSF
0-1: Ground out 6-3 (Groundball, 6, EV 101.9 MPH)
Batting: RHB Ercole Mancina 0-0: Intentional Walk
Batting: LHB Kade Murphy 0-0: Called Strike
0-1: Called Strike
0-2: Ball
1-2: Ball
2-2: Fly out, F8 (Flyball, 8LD, EV 98.8 MPH)
Runner from 3rd tags up, SCORES, throw by CF
Tim Clark to third
Batting: RHB Joel Robinson 0-0: Called Strike
0-1: Called Strike
0-2: Ball
Passed Ball!
Tim Clark scores
Ercole Mancina to second
1-2: Ball
2-2: Fly out, F7 (Flyball, 7LSF, EV 88.1 MPH)
Top of the 13th over - 2 runs, 1 hit, 0 errors, 1 left on base; Illinois 4 - Tennessee 2
BOTTOM OF THE 13TH
Tennessee Hounds batting - Pitching for Illinois Jethawks : RHP Manny Cruz
Batting: RHB Salvador Coronado 0-0: Ball
1-0: Ball
2-0: Ground out 5-3 (Groundball, 56S, EV 90.6 MPH)
Batting: RHB Clarence Greene 0-0: SOLO HOME RUN (Flyball, 7D, EV 95.0 MPH), Distance : 382 ft
Batting: LHB Kiichi Kichida 0-0: Ground out 4-3 (Groundball, 34, EV 91.3 MPH)
Batting: LHB Martin Doidge 0-0: Called Strike
0-1: Called Strike
0-2: Strikes out swinging
Bottom of the 13th over - 1 run, 1 hit, 0 errors, 0 left on base; Illinois 4 - Tennessee 3
Saturday, May 11th , 2024 - OOTP Baseball 24.6 Build 69